AoeStats
← supermaso8970

Arabia

510396319Analyzed
2v2 RM · 23h ago on Sep 30, 2026· 36m 40s· 4 players
Game mode
Random Map
Map size
Medium (4 player)
Population
200
Speed
Normal
Resources
Standard
Victory
Conquest
Starting age
Dark Age
Ending age
Imperial Age
RankedLock teamsTeams togetherTeam positionsShared explorationLock speedFull tech treeHidden civsTurbo modeCheats
Victory
Defeat
🇫🇷 Wei · France
844
+14
🇦🇷 Spanish · Argentina
806
+15
🇨🇿 Ethiopians · Czechia
813
-15
🇨🇿 Persians · Czechia
782
-14
Loren II
0:27 Loom
10:11 Feudal Age
11:28 Wheelbarrow
10:40 Double-Bit Axe
10:43 Horse Collar
18:23 Castle Age
21:30 Heavy Plow
23:08 Hand Cart
26:07 Padded Archer Armor
29:17 Leather Archer Armor
32:16 Scale Barding Armor
34:26 Husbandry
34:37 Bloodlines
DTK
11:04 Feudal Age
14:30 Loom
17:40 Castle Age
16:25 Horse Collar
16:32 Double-Bit Axe
17:00 Gold Mining
17:27 Stone Mining
24:26 Scale Barding Armor
26:09 Husbandry
26:19 Bloodlines
28:18 Forging
30:24 Fletching
31:10 Iron Casting
30:56 Chain Barding Armor
37:15 Imperial Age
35:20 Wheelbarrow
34:31 Town Watch
36:22 Hand Cart
37:15 Tuntian
Kevin Flynn
11:38 Feudal Age
9:55 Loom
13:09 Double-Bit Axe
16:13 Gold Mining
17:01 Wheelbarrow
17:20 Padded Archer Armor
19:26 Fletching
27:09 Castle Age
25:48 Horse Collar
26:01 Stone Mining
27:26 Crossbowman
27:29 Pikeman
28:28 Leather Archer Armor
supermaso8970
4:19 Loom
10:18 Feudal Age
8:34 Loom
18:30 Castle Age
16:23 Gold Mining
16:20 Horse Collar
16:29 Double-Bit Axe
21:11 Thumb Ring
21:09 Padded Archer Armor
21:00 Fletching
21:29 Crossbowman
24:20 Thumb Ring
26:54 Elite Skirmisher
30:10 Bodkin Arrow
30:32 Leather Archer Armor
33:19 Light Cavalry
36:02 Scale Barding Armor
36:08 Forging
37:26 Chain Barding Armor
Connection lost

Rejoining the realm…

Still unreachable

The connection could not be restored.

Session expired

The server has moved on; the page needs a fresh start.